 Dungeon Crawl Stone Soup version 0.27.0-1-g7a089689b8 (webtiles) character file.

Game seed: 7577014143264770072

24 solopath the Cutter (level 2, -2/16 HPs)
             Began as a Spriggan Berserker on Aug 4, 2021.
             Was a Follower of Trog.
             Slain by a worm (10 damage)
             ... on level 2 of the Dungeon.
             The game lasted 00:01:39 (1807 turns).

solopath the Cutter (Spriggan Berserker)            Turns: 1807, Time: 00:01:40

Health: -2/16      AC:  2    Str: 13    XL:     2   Next: 79%
Magic:  3/3        EV: 18    Int:  8    God:    Trog [*.....]
Gold:   48         SH:  0    Dex: 14    Spells: 1/1 levels left

rFire    . . .     SeeInvis +   a - +0 short sword
rCold    . . .     Faith    .   (shield restricted)
rNeg     . . .     Spirit   .   b - +0 animal skin
rPois    .         Reflect  .   (helmet restricted)
rElec    .         Harm     .   (no cloak)
rCorr    .         Rampage  .   (gloves unavailable)
Will     .....                  (boots unavailable)
Stlth    +.........             (no amulet)
HPRegen  0.05/turn              (no ring)
MPRegen  0.08/turn              (no ring)

@: very quick
A: very small, no large weapons, unfitting armour, see invisible, speed 3
a: Renounce Religion, Berserk


You were on level 2 of the Dungeon.
You worshipped Trog.
Trog was aware of your devotion.
You visited 1 branch of the dungeon, and saw 2 of its levels.

You collected 48 gold pieces.

Inventory:

Hand Weapons
 a - a +0 short sword (weapon)
Armour
 b - a +0 animal skin (worn)
Scrolls
 c - a scroll of amnesia {unknown}
 e - a scroll of teleportation {unknown}
 h - a scroll of identify {unknown}
Potions
 d - a potion of attraction {unknown}
 f - a potion of resistance {unknown}
 g - a potion of degeneration {unknown}


   Skills:
 - Level 2.4 Fighting
 * Level 4.5 Short Blades
 - Level 4.0 Dodging


You had one spell level left.
You didn't know any spells.
Your spell library was empty.

Dungeon Overview and Level Annotations

Branches:
Dungeon (2/15)

Altars:


Innate Abilities, Weirdness & Mutations

You are very small and have problems with some larger weapons.
You are too small for most types of armour.
You have supernaturally acute eyesight. (SInv)
You cover ground extremely quickly. (Speed+++)


Message History

You are too injured to fight recklessly!
The bat hits you.
* * * LOW HITPOINT WARNING * * *
You see here a scroll labelled MIRPHA DUVORE.
You hit the bat but do no damage.
The bat is moderately wounded.
The bat misses you.
You hit the bat.
You kill the bat!
Trog accepts your kill.
You see here a bat corpse.
There is a stone staircase leading up here.
You climb upwards.
There is a stone staircase leading down here.
You start resting.
HP restored.
You climb downwards.
The frilled lizard misses you.
There is a stone staircase leading up here.
You closely miss the frilled lizard. The worm bites you.
The frilled lizard bites you.
You miss the frilled lizard. The frilled lizard barely misses you.
The worm barely misses you.
You miss the frilled lizard. The frilled lizard bites you.
You completely miss the frilled lizard. The worm bites you.
The frilled lizard closely misses you.
You hit the frilled lizard but do no damage.
The frilled lizard bites you but does no damage.
You hit the frilled lizard.
You kill the frilled lizard!
Trog accepts your kill. The worm misses you. The worm completely misses you.
There is a stone staircase leading up here.
You hit the worm.
The worm is lightly wounded.
You barely miss the worm.
The worm is lightly wounded.
The worm bites you!
Ouch! That really hurt!
You die...

##.#.......# #.......# #
. #...?†..# .#### ...
#.##.##.##.........
.....#.##...............
......>.................
.....#.#####.#######...#
.## #> #.# #...# .. #@#
#...# ##. #w# #...#
..#####.#### #...######
...........#####.#......
.####.####.##....#.##...
#.####.##.####.##.#.
#.#.................
#.#.##.##.####.##.#.
#....#.##.####.##.#.


You could see a worm.

Vanquished Creatures
  A worm (D:2)
  3 bats
  An endoplasm (D:1)
  A giant cockroach (D:1)
  2 jackals (D:2)
  3 kobolds (D:1)
  4 quokkas (D:1)
  2 ball pythons (D:1)
  2 frilled lizards
19 creatures vanquished.

Notes
Turn   | Place    | Note
-------+----------+-------------------------------------------
     0 | D:1      | solopath the Spriggan Berserker began the quest for the
                  | Orb.
     0 | D:1      | Reached XP level 1. HP: 11/11 MP: 2/2
   678 | D:1      | Reached XP level 2. HP: 14/16 MP: 3/3
  1807 | D:2      | Slain by a worm

Illustrated notes

Levels and vault maps discovered:
D:1:      lightli_arrival_boilingwater, layout_basic
D:2:      layout_loops_cross

Skill      XL: |  1 |
---------------+----+-----
Short Blades   | 4 |  4.5
Fighting       | |  2.4
Dodging        | |  4.0

Action                   || total
-------------------------++-------
Melee: Short sword       ||   100
Armor: Animal skin       ||    14
Dodge: Dodged            ||   107
